 Dungeon Crawl Stone Soup version 0.28.0 (webtiles) character file.

Game seed: 3379590547342361665

1248 Dorkslayer the Sneak (level 8, -2/54 HPs)
             Began as an Octopode Fighter on June 14, 2022.
             Was a Follower of Dithmenos.
             Killed from afar by a steam dragon (20 damage)
             ... with a ball of steam
             ... on level 6 of the Dungeon.
             The game lasted 00:13:45 (5777 turns).

Dorkslayer the Sneak (Octopode Fighter)             Turns: 5777, Time: 00:13:46

Health: -2/54      AC:  1    Str: 20    XL:     8   Next: 50%
Magic:  8/8        EV: 13    Int: 11    God:    Dithmenos [*.....]
Gold:   1466       SH:  4    Dex: 11    Spells: 7/7 levels left

rFire   . . .      SeeInvis +   w - +3 spear of Matasauc {drain, rPois Str+3}
rCold   . . .      Faith    .   b - +0 buckler
rNeg    . . .      Spirit   .   (helmet restricted)
rPois   +          Reflect  .   (no amulet)
rElec   .          Harm     .   e - ring of see invisible
rCorr   .          Rampage  .   t - ring of willpower
Will    +....                   (no ring)
Stlth   +++++.....              (no ring)
HPRegen 0.18/turn               (no ring)
MPRegen 0.11/turn               (no ring)
                                (no ring)
                                (no ring)

@: wreathed by umbra
A: almost no armour, amphibious, 8 rings, camouflage 1, gelatinous body 1,
(nimble swimmer 1), tentacles
a: Renounce Religion


You were on level 6 of the Dungeon.
You worshipped Dithmenos.
Dithmenos was aware of your devotion.
You visited 1 branch of the dungeon, and saw 6 of its levels.

You collected 1466 gold pieces.

Inventory:

Hand Weapons
 a - a +0 long sword of freezing
 c - a +0 scimitar
 w - the +3 spear of Matasauc (weapon) {drain, rPois Str+3}
   (You found it on level 6 of the Dungeon)

   A truly terrible weapon, it drains the life of any living foe it strikes.
   Str:       It affects your strength (+3).
   rPois:     It protects you from poison.
Missiles
 k - a boomerang (quivered)
 v - 6 poisoned darts
 x - a throwing net
Armour
 b - a +0 buckler (worn)
Jewellery
 e - a ring of see invisible (left tentacle)
 t - a ring of willpower (right tentacle)
Scrolls
 d - 3 scrolls of magic mapping
 f - a scroll of amnesia
 h - 3 scrolls of teleportation
 m - a scroll of blinking
Potions
 g - a potion of brilliance
 i - 2 potions of mutation
 j - 2 potions of flight
 l - a potion of ambrosia
 o - a potion of heal wounds
 p - a potion of attraction {unknown}
 s - 2 potions of resistance


   Skills:
 + Level 4.8 Fighting
 + Level 5.6 Long Blades
 * Level 1.4 Polearms
 + Level 1.5 Throwing
 + Level 3.9 Dodging
 + Level 6.1 Stealth
 + Level 3.6 Shields
 * Level 3.9 Unarmed Combat


You had 7 spell levels left.
You didn't know any spells.
Your spell library contained the following spells:

 Spells                   Type           Power      Damage    Failure   Level
 Animate Skeleton         Necr           0%         N/A       43%         1
 Apportation              Tloc           0%         N/A       43%         1
 Summon Small Mammal      Summ           0%         N/A       43%         1
 Portal Projectile        Hex/Tloc       0%         N/A       80%         3
 Blade Hands              Tmut           0%         N/A       100%        5
 Excruciating Wounds      Necr           0%         N/A       100%        5


Dungeon Overview and Level Annotations

Branches:
Dungeon (6/15)
 Temple: D:4-7

Altars:
Dithmenos
Ru

Shops:
D:2 :

Annotations:
D:5 3 runed translucent doors, geeeeen's ghost, weakling FeDe


Innate Abilities, Weirdness & Mutations

You cannot wear most types of armour.
You are amphibious.
You can wear up to eight rings at the same time.
Your skin changes colour to match your surroundings (Stealth+).
Your rubbery body absorbs attacks. (AC +1, EV +1)
((You are camouflaged when in or above water. (Stealth+)))
You have tentacles for arms and can constrict up to eight enemies at once.


Message History

There is an open door here.
Reach: w) +3 spear of Matasauc {drain, rPois Str+3}
Press: ? - help, Dir - move target, f - steam dragon
Aim: a steam dragon (asleep, about 2% to evade the +3 spear of Matasauc)
You reach to attack!
The helpless steam dragon fails to defend itself.
You puncture the steam dragon!
The steam dragon is heavily wounded.
You hit the steam dragon.
The steam dragon is heavily wounded.
You block the steam dragon's attack. The steam dragon claws you.
You hit the steam dragon.
The steam dragon is heavily wounded.
You block the steam dragon's attack. The steam dragon claws you.
You hit the steam dragon but do no damage.
The steam dragon is heavily wounded.
The steam dragon barely misses you. x2
You hit the steam dragon.
Your tentacle-slap misses the steam dragon.
The steam dragon is heavily wounded.
The steam dragon breathes steam at you. The ball of steam hits you!!
Unknown command.
The steam dragon barely misses you. x2
You closely miss the steam dragon. Your squeeze misses the steam dragon.
The steam dragon is heavily wounded.
The steam dragon completely misses you. The steam dragon claws you.
You hit the steam dragon but do no damage.
You drain the steam dragon.
The steam dragon is severely wounded.
The steam dragon bites you!
* * * LOW HITPOINT WARNING * * *
The steam dragon closely misses you.
Unknown command.
You feel much better. The steam dragon breathes steam at you.
The ball of steam hits you! The steam dragon breathes steam at you.
The ball of steam hits you!!
You die...

#####.#.# ##.....#.#
.........# ...###.#.#
.......#.# ....#..#.# ######
....####.######....#####
............§.'D......>#####
....##...######§@..###.....#
...............§...........###
...............§.............#
.....######....§...###.......#
#....##........§.....#..#....#
##.......##....#.............#
.#.........###...#.....#.....#
.#.........................###
...........#..........###..#


You could see a steam dragon (catching breath, drained).

Vanquished Creatures
  2 centaur zombies
  Sigmund (D:3)
  A sky beast (D:5)
  A necrophage (D:6)
  A gnoll sergeant (D:6)
  A scorpion (D:6)
  A wyvern zombie (D:5)
  A jelly (D:2)
  A bullfrog skeleton (D:5)
  2 iguanas
  2 orc wizards
  6 adders
  4 gnolls (D:6)
  A white imp (D:6)
  2 dart slugs
  12 orcs
  12 endoplasms
  A giant cockroach (D:2)
  4 goblins
  5 hobgoblins
  4 quokkas
  6 ball pythons
  7 bats
  4 frilled lizards (D:1)
  16 kobolds
  6 rats
104 creatures vanquished.

Vanquished Creatures (others)
  11 fungi (D:2)
  5 toadstools (D:2)
16 creatures vanquished.

Grand Total: 120 creatures vanquished

Notes
Turn   | Place    | Note
-------+----------+-------------------------------------------
     0 | D:1      | Dorkslayer the Octopode Fighter began the quest for the
                  | Orb.
     0 | D:1      | Reached XP level 1. HP: 16/16 MP: 1/1
   195 | D:1      | Found a faded altar of an unknown god.
   240 | D:1      | Reached XP level 2. HP: 21/21 MP: 2/2
   691 | D:2      | Reached skill level 1 in Stealth
   691 | D:2      | Reached skill level 1 in Unarmed Combat
   701 | D:2      | Reached XP level 3. HP: 13/26 MP: 3/3
   860 | D:2      | Found Peydoz Woeng's Book Emporium.
  1188 | D:2      | Reached XP level 4. HP: 28/31 MP: 4/4
  1281 | D:2      | Reached skill level 2 in Stealth
  1967 | D:2      | Reached XP level 5. HP: 2/36 MP: 5/5
  2642 | D:3      | Found a shadowy altar of Dithmenos.
  2657 | D:3      | Became a worshipper of Dithmenos the Shadowed
  3159 | D:3      | Noticed Sigmund
  3167 | D:3      | Killed Sigmund
  3168 | D:3      | Reached skill level 1 in Throwing
  3168 | D:3      | Reached skill level 3 in Stealth
  3168 | D:3      | Reached XP level 6. HP: 37/43 MP: 6/6
  3580 | D:4      | Reached skill level 4 in Stealth
  3964 | D:4      | Reached * piety under Dithmenos
  4054 | D:5      | Entered Level 5 of the Dungeon
  4163 | D:5      | Noticed a sky beast
  4169 | D:5      | Killed a sky beast
  4170 | D:5      | Reached XP level 7. HP: 48/48 MP: 7/7
  4204 | D:5      | HP: 2/48 [centaur warrior zombie (3)]
  4206 | D:5      | Reached skill level 5 in Long Blades
  4206 | D:5      | Reached skill level 5 in Stealth
  4251 | D:5      | Identified a scroll of acquirement
  4251 | D:5      | Acquired 1234 gold pieces
  4629 | D:5      | Found a sacrificial altar of Ru.
  4651 | D:5      | Reached XP level 8. HP: 49/54 MP: 8/8
  5251 | D:5      | Found a runed translucent gate.
  5252 | D:5      | Found a runed translucent gate.
  5253 | D:5      | Found a runed translucent gate.
  5256 | D:5      | Noticed geeeeen's ghost (weakling FeDe)
  5420 | D:6      | Identified the +3 spear of Matasauc {drain, rPois Str+3}
  5453 | D:6      | Reached skill level 6 in Stealth
  5551 | D:6      | Reached skill level 1 in Polearms
  5777 | D:6      | Killed from afar by a steam dragon

Illustrated notes

Levels and vault maps discovered:
D:1:      dpeg_arrival_long_road, layout_rooms,
          shapermc_ecumenical_altar_totnotflames
D:2:      cheibrodos_fertilizer, layout_loops_ring, serial_shops,
          nicolae_shop_behind_doors, minmay_stone_trees_medium
D:3:      layout_basic, nicolae_dithmenos_the_darkroom,
          minmay_misc_feat_diagonals, uniq_sigmund
D:4:      layout_basic
D:5:      layout_basic, lemuel_round_altar, serial_co_window_serial,
          co_window_of_opportunity_a, co_window_corner_a, co_window_corner_a,
          co_window_of_opportunity_a, co_window_cross_1, co_window_paths_a,
          co_window_paths_a, co_window_of_opportunity_c, co_window_2corner,
          co_window_corner_b, glass_columns_b, glass_columns_b, glass_columns_b,
          biasface_ghost_orc_armoury
D:6:      layout_basic, chequers_arboretum, minmay_chambers_of_fives

Skill      XL: |  1  2  3  4  5  6  7  8 |
---------------+-------------------------+-----
Stealth        | 1 2 3 4 5 6 |  6.1
Unarmed Combat | 1 2 3 |  3.9
Long Blades    | 3 4 5 |  5.6
Throwing       | 1 |  1.5
Fighting       | 4 |  4.8
Polearms       | 1 |  1.4
Dodging        | |  3.9
Shields        | |  3.6

Action                   |  1- 3 |  4- 6 |  7- 9 || total
-------------------------+-------+-------+-------++-------
Melee: Long sword        |    49 |    90 |    40 ||   179
       Constrict         |    18 |    18 |    14 ||    50
       Tentacles         |     7 |    19 |    20 ||    46
       Punch             |       |     3 |     2 ||     5
       Spear             |       |       |    42 ||    42
Throw: Boomerang         |       |    11 |    20 ||    31
  Use: Scroll            |     4 |     3 |     9 ||    16
       Potion            |       |     3 |     1 ||     4
 Stab: Sleeping          |     8 |     9 |     4 ||    21
       Distracted        |       |     1 |       ||     1
Armor: Skin              |     8 |     1 |     1 ||    10
Dodge: Dodged            |    23 |    37 |    56 ||   116
Block: Buckler           |     9 |    12 |    13 ||    34
